 Dungeon Crawl Stone Soup version 0.30-a0-808-g6e0788376e (webtiles) character file.

Game seed: 18009981593798597369

15476 arthad the Summoner (level 12, -3/54 HPs)
             Began as a Felid Summoner on Feb 22, 2023.
             Was an Initiate of Gozag.
             Slain by a skeletal warrior
             ... wielding a +0 long sword
              (25 damage)
             ... on level 12 of the Dungeon on Feb 26, 2023.
             The game lasted 01:01:07 (16190 turns).

arthad the Summoner (Felid Summoner)               Turns: 16190, Time: 01:01:07

Health: -3/54      AC:  3    Str:  4    XL:     12   Next: 1%
Magic:  26/26      EV: 29    Int: 26    God:    Gozag
Gold:   2282       SH:  0    Dex: 18    Spells: 17/30 levels left
                                        Lives:  0   Deaths: 3

rFire   . . .      SeeInvis +      - Unarmed
rCold   + . .      Faith    .    (shield unavailable)
rNeg    . . .      Spirit   .    (body armour unavailable)
rPois   .          Reflect  .    (helmet unavailable)
rElec   .          Harm     .    (cloak unavailable)
rCorr   .          Rampage  .    (gloves unavailable)
Will    +....                    (boots unavailable)
Stlth   ++                       (no amulet)
HPRegen 0.29/turn                r - +5 ring of evasion
MPRegen 0.20/turn                G - +6 ring of intelligence

@: quick
A: very small, claws 1, fangs 3, see invisible, speed 1, shaggy fur 3, stealthy
paws, no weapons or thrown items, no armour, multi-lived, horns 1
a: Renounce Religion, Potion Petition, Call Merchant, Bribe Branch


You were on level 12 of the Dungeon.
You worshipped Gozag.
Gozag was most pleased with you.
You visited 2 branches of the dungeon, and saw 14 of its levels.

You collected 3420 gold pieces.
You spent 840 gold pieces at shops.
You paid 298 gold pieces to Gozag.

Inventory:

Hand Weapons
 R - the +5 scythe "Finisher" {speed, eviscerate}
   (You found it on level 12 of the Dungeon)
Armour
 l - the +0 pair of fencer's gloves {Riposte Dex+3}
   (You found it on level 5 of the Dungeon)

   Riposte:   It allows the wearer to riposte with melee weapons, swiftly
   retaliating against missed or blocked melee attacks.
   Dex:       It affects your dexterity (+3).
 s - the +0 robe of Eternal Vigilance {rC+}
   (You found it on level 7 of the Dungeon)

   rC:        It protects you from cold.
 I - the +1 robe "Paym" {rN+}
   (You found it on level 8 of the Dungeon)

   rN:        It protects you from negative energy.
Jewellery
 f - a ring of protection from fire
 i - a ring of willpower
 n - a +4 ring of slaying
 o - a ring of see invisible
 q - a +5 ring of evasion
 r - a +5 ring of evasion (left paw)
 u - a ring of protection from cold
 G - a +6 ring of intelligence (right paw)
 K - a ring of fire
 M - a ring of ice
Wands
 m - a wand of digging (11)
 p - a wand of paralysis (16)
 O - a wand of acid (2)
Scrolls
 d - 3 scrolls of identify
 e - 5 scrolls of teleportation
 g - a scroll of poison
 j - 2 scrolls of enchant armour
 t - a scroll of torment
 v - a scroll of vulnerability
 w - a scroll of blinking
 y - 3 scrolls of fear
 A - a scroll of enchant weapon
 C - a scroll of fog
 P - a scroll of amnesia
 Q - a scroll of immolation
Potions
 a - 3 potions of magic
 c - 2 potions of degeneration
 h - 2 potions of flight
 k - 2 potions of haste
 x - 3 potions of brilliance
 z - 2 potions of mutation
 B - 3 potions of attraction
 D - 2 potions of ambrosia
 E - a potion of heal wounds
 F - 3 potions of curing
 H - a potion of berserk rage
 J - a potion of cancellation
 L - 3 potions of lignification


   Skills:
 + Level 7.0 Fighting
 + Level 9.8 Dodging
 - Level 2.6 Stealth
 + Level 7.0 Unarmed Combat
 * Level 9.9 Spellcasting
 - Level 5.0 Hexes
 * Level 11.9 Summonings
 * Level 9.2 Air Magic


You had 17 spell levels left.
You knew the following spells:

 Your Spells              Type           Power      Damage    Failure   Level
a - Summon Small Mammal   Summ           100%       N/A       1%          1
b - Call Imp              Summ           65%        N/A       1%          2
c - Call Canine Familiar  Summ           65%        N/A       1%          3
d - Summon Guardian Gole  Hex/Summ       54%        N/A       1%          3
e - Summon Lightning Spi  Summ/Air       61%        N/A       1%          4

Your spell library contained the following spells:

 Spells                   Type           Power      Damage    Failure   Level
 Apportation              Tloc           24%        N/A       4%          1
 Kindle Blastsparks       Fire/Tloc/Air  56%        2d14      4%          3
 Fulminant Prism          Conj/Hex       12%        3d9       17%         4
 Iskenderun's Mystic Bla  Conj/Tloc      12%        2d5       43%         4
 Alistair's Intoxication  Tmut/Pois      8%         N/A       78%         5
 Lee's Rapid Deconstruct  Erth           6%         3d6*      78%         5


Dungeon Overview and Level Annotations

Branches:
Dungeon (13/15)            Temple (1/1) D:4            Lair (0/5) D:11
    Orc (0/2) D:10
 Vaults: D:13-14

Altars:
Ashenzari
Cheibriados
Dithmenos
Elyvilon
Fedhas
Gozag
Hepliaklqana
Kikubaaqudgha
Makhleb
Nemelex Xobeh
Okawaru
Qazlal
Ru
Sif Muna
Trog
Uskayaw
Vehumet
Wu Jian
Xom
Yredelemnul
Zin
The Shining One
Jiyva

Shops:
D:2 [   D:8 ![(=   D:10 [

Annotations:
D:11 2 transporters
D:13 Lodul


Innate Abilities, Weirdness & Mutations

You have sharp claws.
You have razor-sharp teeth.
You have supernaturally acute eyesight. (SInv)
You cover ground quickly. (Speed+)
Your thick and shaggy fur keeps you warm. (AC +3, rC+)
Your paws help you pounce on unaware monsters.
You are incapable of wielding weapons or throwing items.
You cannot wear armour.
You gain extra lives every three experience levels.
You have a pair of small horns on your head.


Message History

The slime creature barely misses you.
The skeletal warrior completely misses you.
The skeletal warrior misses you.
There is a stone staircase leading up, spattered with blood here.
You climb upwards.
Level annotation: 2 transporters
There is a stone staircase leading down here.
You start resting.
You feel your willpower return.
You start resting.
HP restored.
Level annotation: 2 transporters Welcome back, arthad the Felid Summoner.
Gozag says: Greed is good.
Press ? for a list of commands and other information.
As you read the scroll of identify, it crumbles to dust.
J - a potion of cancellation
As you read the scroll of identify, it crumbles to dust.
L - 3 potions of lignification
As you read the scroll of identify, it crumbles to dust.
w - a scroll of blinking
As you read the scroll of identify, it crumbles to dust.
N - a scroll of noise
As you read the scroll of identify, it crumbles to dust.
P - a scroll of amnesia
As you read the scroll of identify, it crumbles to dust.
Q - a scroll of immolation
Okay, then.
You drop a scroll of noise.
Partly explored, unvisited transporter.
Partly explored, unvisited transporter.
You climb downwards.
The slime creature hits you!
The skeletal warrior completely misses you.
The slime creature hits you!!
The skeletal warrior completely misses you.
There is a stone staircase leading up, spattered with blood here.
The slime creature completely misses you.
The skeletal warrior hits you with a +0 long sword!!
You die...
Your body crumbles into a pile of gold.

##....## ##.§##....# ##......##
##...§#....#
##........###...§§§...##
#..........#...§#§§§..#
#.............###....##
##.............####.###
#.................(..##
#####............#.......# #.#
#.........z@.#...#..##
##.###..........J....#####
.....).#.#...........##.###
.......#.##...............####
....####....##.....##.....#..####
..#.####....#(.......####......##
.##.##...##.........## #.....###
##..................## #......##
...........).........####.......#


You could see a skeletal warrior and a slime creature.

Vanquished Creatures
  Sigmund (D:5)
  2 vampire mosquitoes (D:11)
  2 necrophages
  A bullfrog (D:9)
  2 scorpions (D:5)
  A wight (D:7)
  4 killer bees (D:7)
  An iguana (D:5)
  2 orc wizards
  2 adders
  2 white imps
  3 orcs
  An endoplasm (D:1)
  A giant cockroach (D:3)
  A hobgoblin (D:1)
  A bat (D:2)
27 creatures vanquished.

Vanquished Creatures (collateral kills)
  Josephine (D:10)
  Fannar (D:11)
  Erolcha (D:9)
  A boulder beetle (D:12)
  2 two-headed ogres
  Sonja (D:10)
  5 skeletal warriors (D:12)
  2 cyclopes
  A gargoyle (D:12)
  A komodo dragon (D:10)
  Psyche (D:9)
  3 kobold demonologists
  2 trolls
  A hornet (D:9)
  5 slime creatures
  A shadow (D:10)
  6 wraiths
  Grum (D:11)
  11 yaks
  2 steam dragons
  9 vampire mosquitoes
  3 water moccasins
  3 acid dragons
  8 orc warriors
  2 sky beasts
  An ice beast (D:7)
  A black bear (D:8)
  2 wolves (D:11)
  3 centaurs
  A kobold brigand (D:7)
  4 bullfrogs
  A necrophage (D:8)
  A scorpion (D:6)
  4 wights (D:7)
  17 killer bees
  11 howler monkeys
  A hound (D:6)
  13 orc priests
  A jelly (D:8)
  Crazy Yiuf (D:2)
  2 iguanas (D:5)
  16 orc wizards
  5 gnolls (D:4)
  4 adders
  A shadow imp (D:7)
  3 white imps
  An ufetubus (D:6)
  2 worms (D:2)
  40 orcs
  3 ball pythons
  5 endoplasms
  7 giant cockroaches
  9 goblins
  7 hobgoblins
  9 kobolds
  2 quokkas
  2 bats (D:1)
  5 frilled lizards
  5 rats
264 creatures vanquished.

Vanquished Creatures (others)
  A two-headed ogre (D:10)
  A skeletal warrior (D:12)
  A cyclops (D:12)
  3 trolls
  Prince Ribbit (D:6)
  2 wraiths
  4 slime creatures (D:12)
  4 yaks
  A steam dragon (D:6)
  3 vampire mosquitoes (D:12)
  Edmund (D:5)
  3 orc warriors
  An ice beast (D:6)
  A centaur (D:8)
  Blork the orc (D:6)
  4 wights (D:6)
  3 killer bees (D:7)
  A gnoll (D:4)
  An adder (D:6)
  4 orcs
  5 plants
46 creatures vanquished.

Grand Total: 337 creatures vanquished

Notes
Turn   | Place    | Note
-------+----------+-------------------------------------------
     0 | D:1      | arthad the Felid Summoner began the quest for the Orb.
     0 | D:1      | Reached XP level 1. HP: 7/7 MP: 4/4
   186 | D:1      | Reached XP level 2. HP: 11/11 MP: 3/6
   398 | D:1      | Learned a level 2 spell: Call Imp
  1066 | D:2      | Reached skill level 5 in Summonings
  1067 | D:2      | Reached XP level 3. HP: 13/14 MP: 2/7
  1090 | D:2      | Learned a level 3 spell: Call Canine Familiar
  1266 | D:2      | Found Sybb's Antique Armour Boutique.
  1378 | D:2      | Found a runed translucent door.
  1379 | D:2      | Noticed Crazy Yiuf
  1828 | D:2      | Reached XP level 4. HP: 18/18 MP: 8/8
  2161 | D:2      | Killed Crazy Yiuf
  2906 | D:3      | Reached skill level 6 in Summonings
  2906 | D:3      | Reached XP level 5. HP: 21/21 MP: 7/10
  3060 | D:3      | Reached skill level 1 in Hexes
  3362 | D:4      | Learned a level 3 spell: Summon Guardian Golem
  3679 | D:4      | Gained mutation: You are covered in thick fur. (AC +2)
                  | [Felid growth]
  3679 | D:4      | Reached XP level 6. HP: 25/25 MP: 7/11
  3730 | D:4      | Found a staircase to the Ecumenical Temple.
  3749 | Temple   | Entered the Ecumenical Temple
  3951 | Temple   | Became a worshipper of Gozag Ym Sagoz the Greedy
  4146 | D:4      | HP: 1/25 [gnoll/+0 spear (7)]
  4560 | D:5      | Entered Level 5 of the Dungeon
  4616 | D:5      | Noticed Sigmund
  4617 | D:5      | Noticed Edmund
  4620 | D:5      | Noticed a water moccasin
  4624 | D:5      | Identified a scroll of acquirement
  4624 | D:5      | Acquired 653 gold pieces
  4628 | D:5      | Reached skill level 1 in Air Magic
  4634 | D:5      | Killed Edmund
  4635 | D:5      | Reached skill level 1 in Fighting
  4641 | D:5      | Killed Sigmund
  4642 | D:5      | Reached skill level 1 in Unarmed Combat
  4642 | D:5      | Reached XP level 7. HP: 28/28 MP: 2/13
  4658 | D:5      | Gained mutation: You have a pair of small horns on your
                  | head. [potion of mutation]
  5349 | D:5      | Found the +0 pair of fencer's gloves {Riposte Dex+3}
  5466 | D:5      | Learned a level 4 spell: Summon Lightning Spire
  5805 | D:6      | Reached XP level 8. HP: 26/33 MP: 7/15
  5813 | D:6      | Noticed Blork the orc
  5823 | D:6      | Killed Blork the orc
  5832 | D:6      | Noticed Prince Ribbit
  5839 | D:6      | Reached skill level 7 in Summonings
  5972 | D:6      | HP: 1/33 [themself (15)]
  5998 | D:6      | HP: 1/33 [white imp (3)]
  6010 | D:6      | Reached skill level 5 in Hexes
  6550 | D:6      | Reached skill level 5 in Spellcasting
  6563 | D:6      | Reached skill level 5 in Dodging
  6622 | D:6      | Killed Prince Ribbit
  6623 | D:6      | Reached XP level 9. HP: 37/37 MP: 2/17
  7386 | D:7      | Identified the +0 robe of Eternal Vigilance {rC+}
  7507 | D:7      | Reached skill level 8 in Summonings
  7591 | D:7      | HP: 1/38 [poisoned by a killer bee]
  7592 | D:7      | Succumbed to a killer bee's poison
  7593 | D:7      | Reached XP level 8. HP: 0/34 MP: 0/17
  7765 | D:7      | Reached skill level 5 in Air Magic
  7800 | D:7      | Reached XP level 9. HP: 39/39 MP: 6/19
  8068 | D:7      | You fall into a shaft and drop 3 floors!
  8068 | D:10     | Entered Level 10 of the Dungeon
  8534 | D:7      | Slain by an orc warrior
  8535 | D:7      | Reached XP level 8. HP: -1/36 MP: 11/18
  8546 | D:7      | Found a shimmering altar of Xom.
  8643 | D:7      | Noticed a kobold demonologist
  8745 | D:7      | Noticed a kobold demonologist
  8748 | D:7      | Noticed a sixfirhy
  8762 | D:7      | Killed a kobold demonologist
  8847 | D:7      | Killed a kobold demonologist
  8848 | D:7      | Reached XP level 9. HP: 39/39 MP: 9/20
  9056 | D:7      | Reached skill level 9 in Summonings
 10060 | D:8      | Found Appollup's Antique Armour Emporium.
 10060 | D:8      | Found Kuqoi's Distillery.
 10061 | D:8      | Found Elamea's Jewellery Emporium.
 10061 | D:8      | Found Jaup Fuuc's Weapon Emporium.
 10139 | D:8      | Bought a potion of ambrosia for 120 gold pieces
 10139 | D:8      | Bought a potion of brilliance for 60 gold pieces
 10139 | D:8      | Bought a potion of heal wounds for 75 gold pieces
 10139 | D:8      | Bought a potion of curing for 45 gold pieces
 10147 | D:8      | Bought a +6 ring of intelligence for 540 gold pieces
 10274 | D:8      | Identified the +1 robe "Paym" {rN+}
 10613 | D:9      | Reached XP level 10. HP: 43/43 MP: 11/21
 10812 | D:9      | Noticed Erolcha
 10839 | D:9      | Killed Erolcha
 10840 | D:9      | Reached skill level 5 in Unarmed Combat
 10959 | D:9      | Noticed Psyche
 11002 | D:9      | Killed Psyche
 11131 | D:9      | Reached skill level 5 in Fighting
 11833 | D:10     | Reached skill level 10 in Summonings
 11925 | D:10     | Reached XP level 11. HP: 48/48 MP: 6/24
 12078 | D:10     | Noticed Sonja
 12086 | D:10     | Killed Sonja
 12337 | D:10     | Found a staircase to the Orcish Mines.
 12502 | D:10     | Found Cehecog's Antique Armour Shop.
 12591 | D:10     | Noticed Josephine
 12610 | D:10     | Killed Josephine
 12652 | D:10     | Found a white marble altar of Elyvilon.
 12925 | D:10     | Noticed a two-headed ogre
 12926 | D:10     | Noticed a two-headed ogre
 12957 | D:10     | Killed a two-headed ogre
 12978 | D:10     | Killed a two-headed ogre
 13716 | D:11     | Noticed Fannar
 13727 | D:11     | Killed Fannar
 13728 | D:11     | Reached skill level 11 in Summonings
 13806 | D:11     | Found a transporter.
 13812 | D:11     | Found a transporter.
 13812 | D:11     | Found a viscous altar of Jiyva.
 14040 | D:11     | Found a staircase to the Lair.
 14092 | D:11     | Noticed a two-headed ogre
 14103 | D:11     | Killed a two-headed ogre
 14104 | D:11     | Gained mutation: Your thick and shaggy fur keeps you warm.
                  | (AC +3, rC+) [Felid growth]
 14104 | D:11     | Reached XP level 12. HP: 52/52 MP: 17/26
 14542 | D:11     | Noticed Grum
 14549 | D:11     | Killed Grum
 14804 | D:12     | Mangled by a skeletal warrior
 14805 | D:12     | Reached XP level 11. HP: -10/49 MP: 9/25
 14837 | D:12     | Killed a skeletal warrior
 14841 | D:12     | Killed a skeletal warrior
 14852 | D:12     | Killed a skeletal warrior
 15179 | D:12     | Killed a skeletal warrior
 15552 | D:12     | Found the +5 scythe "Finisher" {speed, eviscerate}
 15602 | D:12     | Noticed a boulder beetle
 15635 | D:12     | Killed a boulder beetle
 15766 | D:12     | Noticed a skeletal warrior
 15773 | D:12     | Killed a skeletal warrior
 15883 | D:13     | Noticed Lodul
 15901 | D:12     | Reached XP level 12. HP: 54/54 MP: 13/26
 16181 | D:11     | Upgraded the game from 0.30-a0-800-g7c544603b3 to
                  | 0.30-a0-808-g6e0788376e
 16190 | D:12     | Slain by a skeletal warrior

Illustrated notes

Levels and vault maps discovered:
D:1:      lemuel_arrival_room, layout_basic
D:2:      layout_basic, serial_shops, nicolae_shop_crystal,
          uniq_crazy_yiuf_cottage
D:3:      layout_loops_cross
D:4:      layout_basic, minmay_temple_entry_gardened_gates,
          chequers_serial_rivers_small_b
D:5:      layout_loops_corners, minmay_misc_feat_columns,
          sigmund_edmund_badplayer
D:6:      layout_loops_ring, uniq_blork_the_orc, uniq_prince_ribbit1
D:7:      layout_basic, lemuel_tele_altar
D:8:      layout_gridville, minmay_shop_grid_forest, grunt_ministairs_12,
          minivault_26
D:9:      layout_irregular_city, serial_rivers, chequers_serial_rivers_small_3,
          chequers_serial_rivers_small_3, chequers_serial_rivers_small_a,
          chequers_serial_rivers_micro_b, chequers_serial_rivers_small_b,
          chequers_serial_rivers_micro_e, uniq_erolcha, uniq_psyche
D:10:     layout_loops_corners, mainiacjoe_overflow_alcove_4,
          minmay_orc_entry_temple_small, serial_shops, kennysheep_little_box,
          minmay_joined_circles, uniq_josephine, uniq_sonja
D:11:     gammafunk_jiyva_shrine, layout_loops_cross, lair_entry_dummy,
          uniq_fannar, uniq_grum
D:12:     layout_cave_pools, minmay_guarded_unrand_finisher
D:13:     layout_cave_pools, david_vaults_1, gauntlet_entry_generic,
          roderic_roman_lattice, uniq_lodul
Temple:   nicolae_temple_slightly_damp_pantheon

Skill      XL: |  1  2  3  4  5  6  7  8  9 10 11 |
---------------+----------------------------------+-----
Summonings     | 5 6 7 9 10 11 | 11.9
Spellcasting   | 3 4 6 7 8 9 |  9.9
Hexes          | 1 3 4 5 |  5.0
Dodging        | 3 4 6 7 9 |  9.8
Air Magic      | 1 2 5 6 7 9 |  9.2
Fighting       | 1 4 3 5 7 |  7.0
Unarmed Combat | 1 4 3 5 7 |  7.0
Stealth        | |  2.6

Action                     |  1- 3 |  4- 6 |  7- 9 | 10-12 || total
---------------------------+-------+-------+-------+-------++-------
  Melee: Unarmed           |    31 |    16 |    87 |    29 ||   163
         Bite              |     4 |     2 |     9 |     4 ||    19
         Punch             |     1 |       |     4 |     1 ||     6
         Headbutt          |       |       |    15 |     6 ||    21
   Cast: Summon Small Mamm |    37 |     3 |     4 |       ||    44
         Call Imp          |     8 |    10 |    14 |     3 ||    35
         Call Canine Famil |     7 |    20 |    60 |    33 ||   120
         Summon Guardian G |       |     3 |    46 |    47 ||    96
         Summon Lightning  |       |       |    40 |    58 ||    98
 Invoke: Potion Petition   |       |       |     1 |       ||     1
  Evoke: Wand              |       |       |       |     3 ||     3
    Use: Potion            |       |     4 |     8 |       ||    12
         Scroll            |       |     3 |     7 |    10 ||    20
   Stab: Distracted        |       |     1 |     4 |       ||     5
         Invisible         |       |       |     3 |       ||     3
 Armour: Skin              |     1 |     2 |     3 |       ||     6
  Dodge: Dodged            |    31 |    23 |   173 |    85 ||   312

Table legend: (Time is in decaauts)
 A = Elapsed time spent in this place.
 B = Non-inter-level travel time spent in this place.
 C = Inter-level travel time spent in this place.
 D = Time resting spent in this place.
 E = Time spent auto-exploring this place.
 F = Levels seen in this place.
 G = Mean time per level.
                   A        B        C        D        E       F      G
               +--------+--------+--------+--------+--------+-----+--------+
         Total |  14500 |  14204 |    296 |    551 |  10603 |  14 | 1035.7 |
       Dungeon |  14304 |  14045 |    259 |    551 |  10477 |  13 | 1100.3 |
        Temple |    196 |    160 |     36 |      0 |    126 |   1 |  196.0 |
               +--------+--------+--------+--------+--------+-----+--------+

Top non-repeatable levels by time:
    D:10: 1704 daAuts
     D:7: 1563 daAuts
     D:9: 1319 daAuts
     D:6: 1218 daAuts
    D:12: 1201 daAuts
     D:8: 1183 daAuts
    D:11: 1179 daAuts
     D:5: 1159 daAuts
     D:2: 1109 daAuts
     D:1: 934 daAuts
     D:4: 876 daAuts
     D:3: 849 daAuts
  Temple: 196 daAuts
    D:13: 6 daAuts
